 Dungeon Crawl Stone Soup version 0.31-a0-1178-gc5c9b8f871 (webtiles) character file.

Game seed: 713116210238097151

303 grandjackal the Chopper (level 6, -11/48 HPs)
             Began as a Demonspawn Gladiator on Dec 11, 2023.
             Mangled by a gnoll
             ... wielding a +0 halberd
              (29 damage)
             ... on level 3 of the Dungeon.
             The game lasted 00:03:11 (2311 turns).

grandjackal the Chopper (Demonspawn Gladiator)      Turns: 2311, Time: 00:03:11

Health: -11/48     AC:  7    Str: 16    XL:     6   Next: 15%
Magic:  6/6        EV:  2    Int:  8    God:
Gold:   95         SH:  0    Dex: 15    Spells: 5/5 levels left

rFire   . . .        a - +0 war axe
rCold   . . .        (no shield)
rNeg    . . .        t - +0 scale mail
rPois   .            c - +0 helmet
rElec   .            (no cloak)
rCorr   .            (no gloves)
SInv    .            (no boots)
Will    .....        (no amulet) Stlth
                     m - +4 ring of slaying
HPRegen 0.28/turn    (no ring)
MPRegen 0.10/turn

%: no passive effects
@: sleeping
A: demonic magic 1, demonic touch 2
a: no special abilities


You were on level 3 of the Dungeon.
You visited 1 branch of the dungeon, and saw 4 of its levels.

You collected 95 gold pieces.

Inventory:

Hand Weapons
 a - a +0 war axe (weapon)
Missiles
 d - 3 throwing nets (quivered)
 e - a javelin
Armour
 c - a +0 helmet (worn)
 t - a +0 scale mail (worn)
Jewellery
 m - a +4 ring of slaying (left hand)
Wands
 r - a wand of mindburst (15)
Scrolls
 b - 3 scrolls of blinking
 h - 2 scrolls of identify {unknown}
 i - a scroll of enchant armour {unknown}
 l - a scroll of vulnerability {unknown}
 o - a scroll of fog {unknown}
 q - a scroll of brand weapon {unknown}
 s - a scroll of enchant weapon {unknown}
 u - a scroll of amnesia {unknown}
Potions
 f - 2 potions of attraction {unknown}
 g - a potion of resistance {unknown}
 j - 3 potions of heal wounds {unknown}
 k - a potion of enlightenment {unknown}
 n - a potion of might {unknown}
 p - 3 potions of curing {unknown}


   Skills:
 + Level 4.0 Fighting
 + Level 4.1 Axes
 - Level 2.0 Throwing
 + Level 2.6 Armour
 - Level 3.0 Dodging


You had 5 spell levels left.
You didn't know any spells.
Your spell library contained the following spells:

 Spells                   Type           Power      Damage    Failure   Level
 Foxfire                  Conj/Fire      0%         2x1d4     83%         1
 Plasma Beam              Fire/Air       0%         2x1d10    100%        6
 Starburst                Conj/Fire      0%         6d3       100%        6


Dungeon Overview and Level Annotations

Branches:
Dungeon (4/15)
 Temple: D:4-7

Altars:
Fedhas
Qazlal
Yredelemnul

Shops:
D:4 ([!


Innate Abilities, Weirdness & Mutations

Spells you cast may paralyse adjacent enemies.
Your touch may inflict irresistible damage on your foes.


Message History

A gnoll comes into view. It is wielding a +0 halberd.
A gnoll comes into view. It is wielding a +0 whip.
There are monsters nearby!
The gnoll shouts!
You hear a shout!
The sleepcap releases spores at you. The gnoll closely misses you.
You hit the sleepcap.
The sleepcap is lightly damaged.
You hit the gnoll. x2; The gnoll hits you with a +0 club.
The gnoll hits you from afar with a +0 halberd.
The sleepcap closely misses you. The sleepcap releases spores at you.
The gnoll misses you. The gnoll barely misses you.
The gnoll hits you with a +0 club.
Found a stormy altar of Qazlal and a blossoming altar of Fedhas.
A hobgoblin comes into view.
The gnoll closely misses you.
The sleepcap releases spores at you but does no damage.
The gnoll closely misses you. x2
There is an escape hatch in the ceiling here.
Unknown command.
The gnoll barely misses you.
The sleepcap releases spores at you but does no damage.
The gnoll barely misses you. x2
A mysterious force pulls you upwards. The hatch slams shut behind you.
Found a scroll labelled ECKEADWURPHI and a golden potion.
Unknown command.
You closely miss the gnoll.
The gnoll is lightly wounded.
You slash the sleepcap! You hit the gnoll. The gnoll hits you with a +0 whip.
The sleepcap releases spores at you.
The gnoll hits you from afar with a +0 halberd.
The gnoll hits you with a +0 club.
You closely miss the gnoll.
You touch the gnoll!
You kill the gnoll!
You slash the sleepcap! You hit the gnoll. The gnoll closely misses you.
The sleepcap releases spores at you.
You are engulfed in a cloud of soporific spores!
You fall asleep.
The gnoll hits you from afar with a +0 halberd!!
Ouch! That really hurt!
You die...

######.#
#f@)...#
..!..gg######
....### ... .


You could see a sleepcap and 2 gnolls.

Vanquished Creatures
  A centaur (D:4)
  2 scorpions (D:4)
  An orc wizard (D:4)
  3 adders
  A gnoll (D:3)
  3 worms
  A dart slug (D:1)
  6 orcs (D:4)
  3 ball pythons
  4 bats
  2 endoplasms
  A giant cockroach (D:4)
  3 hobgoblins
  5 kobolds
  A quokka (D:3)
  3 frilled lizards
  3 goblins
  7 rats
50 creatures vanquished.

Notes
Turn   | Place    | Note
-------+----------+-------------------------------------------
     0 | D:1      | grandjackal the Demonspawn Gladiator began the quest for
                  | the Orb.
     0 | D:1      | Reached XP level 1. HP: 16/16 MP: 1/1
   205 | D:1      | Gained mutation: Your touch may inflict minor irresistible
                  | damage on your foes. [demonic ancestry]
   205 | D:1      | Reached XP level 2. HP: 22/22 MP: 2/2
  1038 | D:2      | Reached XP level 3. HP: 28/28 MP: 3/3
  1554 | D:4      | Noticed a scorpion
  1558 | D:4      | Reached skill level 1 in Armour
  1561 | D:4      | Killed a scorpion
  1562 | D:4      | Gained mutation: Spells you cast may paralyse adjacent
                  | enemies. [demonic ancestry]
  1562 | D:4      | Reached XP level 4. HP: 14/35 MP: 4/4
  1703 | D:4      | Noticed a scorpion
  1710 | D:4      | Killed a scorpion
  1711 | D:4      | Gained mutation: Your touch may inflict irresistible damage
                  | on your foes. [demonic ancestry]
  1711 | D:4      | Reached XP level 5. HP: 13/41 MP: 5/5
  1857 | D:4      | Found Nuegreji's Antique Armour Shoppe.
  1858 | D:4      | Found Rill's Weapon Shoppe.
  1858 | D:4      | Found Wunlivus's Distillery.
  1877 | D:4      | Noticed a centaur
  1884 | D:4      | Killed a centaur
  2040 | D:4      | Reached XP level 6. HP: 47/48 MP: 6/6
  2043 | D:4      | Identified the +1 leather armour "Vueri" {-Tele rF++ Str+5}
  2179 | D:4      | Found a basalt altar of Yredelemnul.
  2307 | D:4      | Found a stormy altar of Qazlal.
  2307 | D:4      | Found a blossoming altar of Fedhas.
  2311 | D:3      | Mangled by a gnoll

Illustrated notes

Levels and vault maps discovered:
D:1:      minmay_arrival_shattered_statue, layout_loops_cross
D:2:      layout_basic, nicolae_elevator_lobby_plus
D:3:      minmay_recursive_quarters, layout_basic
D:4:      layout_cave_pools, grunt_temple_overflow_forces_of_nature,
          lemuel_round_altar, nicolae_dithmenos_the_darkroom,
          nicolae_shop_distant_corner_stores

Skill      XL: |  1  2  3  4  5 |
---------------+----------------+-----
Throwing       | 2 |  2.0
Axes           | 3 4 |  4.1
Dodging        | 3 |  3.0
Armour         | 1 2 |  2.6
Fighting       | 3 4 |  4.0

Action                     |  1- 3 |  4- 6 || total
---------------------------+-------+-------++-------
  Melee: War axe           |    76 |    29 ||   105
         Touch             |     4 |     4 ||     8
  Throw: Throwing net      |       |     1 ||     1
    Use: Scroll            |       |     1 ||     1
 Armour: Leather armour    |    10 |       ||    10
         Ring mail         |    32 |       ||    32
         Scale mail        |     7 |    51 ||    58
  Dodge: Dodged            |    50 |    31 ||    81

Table legend: (Time is in decaauts)
 A = Elapsed time spent in this place.
 B = Non-inter-level travel time spent in this place.
 C = Inter-level travel time spent in this place.
 D = Time resting spent in this place.
 E = Time spent auto-exploring this place.
 F = Levels seen in this place.
 G = Mean time per level.
                   A        B        C        D        E       F      G
               +--------+--------+--------+--------+--------+-----+--------+
         Total |   2345 |   2288 |     57 |    562 |   1333 |   4 |  586.2 |
       Dungeon |   2345 |   2288 |     57 |    562 |   1333 |   4 |  586.2 |
               +--------+--------+--------+--------+--------+-----+--------+

Top non-repeatable levels by time:
     D:4: 854 daAuts
     D:2: 706 daAuts
     D:1: 640 daAuts
     D:3: 142 daAuts
